AoeStats
← TmZ_rogers

Arena

510347185Analyzed
1v1 RM · 19h ago on Sep 30, 2026· 52m 23s· 2 players
Game mode
Random Map
Map size
Tiny (2 player)
Population
200
Speed
Normal
Resources
Standard
Victory
Conquest
Starting age
Dark Age
Ending age
Imperial Age
RankedLock teamsTeams togetherTeam positionsShared explorationLock speedFull tech treeHidden civsTurbo modeCheats
Victory
Defeat
🇬🇧 Saxons · United Kingdom
1019
+16
🇧🇷 Varangians · Brazil
1023
-16
TheQuietRiot
10:18 Feudal Age
8:36 Loom
11:19 Double-Bit Axe
17:02 Castle Age
16:54 Fletching
17:47 Crossbowman
19:08 Horse Collar
24:19 Bodkin Arrow
26:39 Wheelbarrow
27:09 Pikeman
28:58 Padded Archer Armor
32:01 Squires
32:16 Forging
32:19 Squires
32:05 Gambesons
33:10 Loom
33:33 Scale Mail Armor
35:52 Heavy Plow
40:52 Iron Casting
43:01 Imperial Age
42:42 Hand Cart
42:20 Gold Mining
42:22 Stone Mining
44:17 Conscription
43:25 Shield Wall
44:15 Capped Ram
44:30 Elite Hearth Troop
46:31 Iron Casting
46:26 Town Watch
47:23 Bow Saw
50:07 Halberdier
51:28 Chain Mail Armor
51:14 Bracer
TmZ_rogers
8:02 Loom
10:09 Feudal Age
12:47 Fletching
13:17 Horse Collar
17:03 Double-Bit Axe
18:33 Town Watch
25:49 Castle Age
25:45 Stone Mining
26:21 Bloodlines
26:47 Padded Archer Armor
28:10 Wheelbarrow
30:45 Scale Barding Armor
36:14 Husbandry
41:45 Imperial Age
40:02 Gold Mining
40:15 Murder Holes
40:46 Ballistics
43:45 Hand Cart
43:32 Heavy Plow
45:23 Conscription
45:43 Pikeman
50:38 Bodkin Arrow
50:56 Forging
51:02 Leather Archer Armor
Connection lost

Rejoining the realm…

Still unreachable

The connection could not be restored.

Session expired

The server has moved on; the page needs a fresh start.